| TOP OF THE 1ST |
|
Jacksonville Suns batting - Pitching for Tulsa Drillers : RHP Danny Roe
|
|
Pitching: RHP Danny Roe
|
|
|
Batting: LHB Jose Cabello
|
0-0: Called Strike 0-1: Ball 1-1: Ground out 4-3 (Groundball, 34, EV 104.4 MPH)
|
|
Batting: RHB Mike Gar
|
0-0: Ball 1-0: Ball 2-0: Ball 3-0: Called Strike 3-1: SINGLE (Line Drive, 34, EV 107.5 MPH)
|
|
Batting: RHB Akira Suzuki
|
0-0: Called Strike 0-1: Called Strike 0-2: Foul Ball, location: 2F 0-2: Strikes out swinging
|
|
Batting: LHB Jimmy Hannon
|
0-0: Called Strike 0-1: 2-RUN HOME RUN (Flyball, 9D, EV 98.8 MPH), Distance : 348 ft
|
|
Batting: RHB Rick Fell
|
0-0: Foul Ball, location: 2F 0-1: Ball 1-1: Foul Ball, location: 2F 1-2: Foul Ball, location: 2F 1-2: Ball 2-2: Ball 3-2: DOUBLE (Flyball, 89XD, EV 95.6 MPH)
|
|
Batting: LHB Jeff Tavella
|
0-0: Ball 1-0: Called Strike 1-1: Ball 2-1: Swinging Strike 2-2: Reached on error, E6 (Groundball, 6M, EV 84.4 MPH) Rick Fell to third
|
|
Batting: LHB Emilio Cordero
|
0-0: Called Strike 0-1: Ground out 4-3 (Groundball, 4, EV 96.9 MPH)
|
| Top of the 1st over - 2 runs, 3 hits, 1 error, 2 left on base; Jacksonville 2 - Tulsa 0 |
| BOTTOM OF THE 1ST |
|
Tulsa Drillers batting - Pitching for Jacksonville Suns : RHP Nick Newmaster
|
|
Pitching: RHP Nick Newmaster
|
|
|
Batting: RHB Steve Haskins
|
0-0: Called Strike 0-1: Ball 1-1: Ball 2-1: Ball 3-1: Called Strike 3-2: Base on Balls
|
|
Batting: RHB Jesse White
|
0-0: Ball 1-0: Ball 2-0: Grounds into double play, 4-6-3 (Groundball, 4, EV 102.5 MPH)
|
|
Batting: LHB Nick McGraw
|
0-0: Ball 1-0: Foul Ball, location: 2F 1-1: Hit by Pitch
|
|
Batting: RHB Dave Cordero
|
0-0: Swinging Strike 0-1: Called Strike 0-2: Foul Ball, location: 2F 0-2: Strikes out swinging
|
| Bottom of the 1st over - 0 runs, 0 hits, 0 errors, 1 left on base; Jacksonville 2 - Tulsa 0 |
| TOP OF THE 2ND |
|
Jacksonville Suns batting - Pitching for Tulsa Drillers : RHP Danny Roe
|
|
Batting: RHB Pi-ao Xú
|
0-0: Called Strike 0-1: Ball 1-1: Foul Ball, location: 2F 1-2: Ball 2-2: Foul Ball, location: 2F 2-2: Strikes out looking
|
|
Batting: RHB Manny Gonzalez
|
0-0: Ball 1-0: Swinging Strike 1-1: SINGLE (Groundball, 34D, EV 103.8 MPH)
|
|
Batting: LHB Jose Cabello
|
0-0: Ball 1-0: Called Strike 1-1: Foul Ball, location: 2F 1-2: Foul Ball, location: 2F 1-2: Foul Ball, location: 2F 1-2: Strikes out swinging
|
|
Batting: RHB Mike Gar
|
0-0: Ball 1-0: Ball 2-0: Foul Ball, location: 2F 2-1: Called Strike 2-2: Strikes out swinging
|
| Top of the 2nd over - 0 runs, 1 hit, 0 errors, 1 left on base; Jacksonville 2 - Tulsa 0 |
| BOTTOM OF THE 2ND |
|
Tulsa Drillers batting - Pitching for Jacksonville Suns : RHP Nick Newmaster
|
|
Batting: SHB Xavier Alaniz
|
0-0: Ball 1-0: Ball 2-0: Called Strike 2-1: Swinging Strike 2-2: Foul Ball, location: 2F 2-2: Foul Ball, location: 2F 2-2: Strikes out looking
|
|
Batting: LHB David McNair
|
0-0: Ball 1-0: Swinging Strike 1-1: Ball 2-1: Ball 3-1: Fly out, F9 (Flyball, 9LS, EV 90.0 MPH)
|
|
Batting: RHB Koen van Oort
|
0-0: Ball 1-0: Called Strike 1-1: Foul Ball, location: 2F 1-2: Ball 2-2: Foul Ball, location: 2F 2-2: Ball 3-2: Ground out 5-3 (Groundball, 56S, EV 85.0 MPH)
|
| Bottom of the 2nd over - 0 runs, 0 hits, 0 errors, 0 left on base; Jacksonville 2 - Tulsa 0 |
| TOP OF THE 3RD |
|
Jacksonville Suns batting - Pitching for Tulsa Drillers : RHP Danny Roe
|
|
Batting: RHB Akira Suzuki
|
0-0: Swinging Strike 0-1: Ball 1-1: Called Strike 1-2: Foul Ball, location: 2F 1-2: Fly out, F9 (Line Drive, 9, EV 93.1 MPH)
|
|
Batting: LHB Jimmy Hannon
|
0-0: Ball 1-0: Fly out, F8 (Flyball, 8RD, EV 91.9 MPH)
|
|
Batting: RHB Rick Fell
|
0-0: Swinging Strike 0-1: Called Strike 0-2: Ball 1-2: Foul Ball, location: 2F 1-2: Strikes out swinging
|
| Top of the 3rd over - 0 runs, 0 hits, 0 errors, 0 left on base; Jacksonville 2 - Tulsa 0 |
| BOTTOM OF THE 3RD |
|
Tulsa Drillers batting - Pitching for Jacksonville Suns : RHP Nick Newmaster
|
|
Batting: RHB Billy Valadez
|
0-0: Reached on error, E5 (Groundball, 56S, EV 90.0 MPH)
|
|
Batting: RHB Dave Archibeque
|
0-0: Swinging Strike 0-1: Ball 1-1: Foul Ball, location: 2F 1-2: Ball 2-2: Strikes out swinging
|
|
Batting: RHB Steve Haskins
|
0-0: Ball Billy Valadez steals 2nd base 1-0: Called Strike 1-1: Foul Ball, location: 2F 1-2: Foul Ball, location: 2F 1-2: Foul Ball, location: 2F 1-2: Strikes out looking
|
|
Batting: RHB Jesse White
|
0-0: Called Strike 0-1: Foul Ball, location: 2F 0-2: Ball 1-2: Ball 2-2: Ball 3-2: Strikes out swinging
|
| Bottom of the 3rd over - 0 runs, 0 hits, 1 error, 1 left on base; Jacksonville 2 - Tulsa 0 |
| TOP OF THE 4TH |
|
Jacksonville Suns batting - Pitching for Tulsa Drillers : RHP Danny Roe
|
|
Batting: LHB Jeff Tavella
|
0-0: Ball 1-0: Ball 2-0: Ball 3-0: Called Strike 3-1: SINGLE (Line Drive, 8LM, EV 92.5 MPH)
|
|
Batting: LHB Emilio Cordero
|
0-0: Ball 1-0: Ball 2-0: Called Strike 2-1: Called Strike 2-2: Ball 3-2: Grounds out, U3 (Groundball, 3L, EV 93.1 MPH)
|
|
Batting: RHB Pi-ao Xú
|
0-0: Ball 1-0: Reached on error, E6 (Groundball, 56, EV 77.5 MPH) Jeff Tavella to third
|
|
Batting: RHB Manny Gonzalez
|
0-0: Ball 1-0: Ball 2-0: Called Strike 2-1: Fielders Choice at 2nd, 3-6 (Groundball, 34S, EV 80.0 MPH) Jeff Tavella scores
|
|
Batting: LHB Jose Cabello
|
0-0: Called Strike 0-1: Swinging Strike 0-2: Ball 1-2: Fly out, F4 (Popup, 3F, EV 70.6 MPH)
|
| Top of the 4th over - 1 run, 1 hit, 1 error, 1 left on base; Jacksonville 3 - Tulsa 0 |
| BOTTOM OF THE 4TH |
|
Tulsa Drillers batting - Pitching for Jacksonville Suns : RHP Nick Newmaster
|
|
Batting: LHB Nick McGraw
|
0-0: Ball 1-0: SOLO HOME RUN (Flyball, 89XD, EV 96.9 MPH), Distance : 386 ft
|
|
Batting: RHB Dave Cordero
|
0-0: Ball 1-0: Ball 2-0: Foul Ball, location: 2F 2-1: Ball 3-1: Base on Balls
|
|
Batting: SHB Xavier Alaniz
|
0-0: Ball 1-0: Ball 2-0: Ball 3-0: Base on Balls Dave Cordero to second
|
|
Batting: LHB David McNair
|
0-0: Ball Balk! Dave Cordero to third Xavier Alaniz to second 1-0: Called Strike 1-1: Swinging Strike 1-2: Ball 2-2: Strikes out swinging
|
|
Batting: RHB Koen van Oort
|
0-0: Swinging Strike 0-1: Called Strike 0-2: Strikes out looking
|
|
Batting: RHB Billy Valadez
|
0-0: Called Strike 0-1: Ball 1-1: Ball 2-1: Foul Ball, location: 2F 2-2: Strikes out looking
|
| Bottom of the 4th over - 1 run, 1 hit, 0 errors, 2 left on base; Jacksonville 3 - Tulsa 1 |
| TOP OF THE 5TH |
|
Jacksonville Suns batting - Pitching for Tulsa Drillers : RHP Danny Roe
|
|
Pitching: RHP Nate Allen
|
|
|
Batting: RHB Mike Gar
|
0-0: Called Strike 0-1: Ball 1-1: Ball 2-1: Foul Ball, location: 2F 2-2: Strikes out looking
|
|
Batting: RHB Akira Suzuki
|
0-0: Ball 1-0: Foul Ball, location: 2F 1-1: Called Strike 1-2: Ball 2-2: Fly out, F4 (Popup, 4M, EV 61.9 MPH)
|
|
Batting: LHB Jimmy Hannon
|
0-0: Called Strike 0-1: Foul Ball, location: 2F 0-2: Strikes out swinging
|
| Top of the 5th over - 0 runs, 0 hits, 0 errors, 0 left on base; Jacksonville 3 - Tulsa 1 |
| BOTTOM OF THE 5TH |
|
Tulsa Drillers batting - Pitching for Jacksonville Suns : RHP Nick Newmaster
|
|
Batting: RHB Dave Archibeque
|
0-0: Ball 1-0: Swinging Strike 1-1: Swinging Strike 1-2: Ball 2-2: Ball 3-2: Foul Ball, location: 2F 3-2: Hit by Pitch
|
|
Batting: RHB Steve Haskins
|
0-0: Ball 1-0: Called Strike 1-1: Foul Ball, location: 2F 1-2: Foul Ball, location: 2F 1-2: Ball 2-2: SINGLE (Flyball, 9S, EV 91.2 MPH) Dave Archibeque to second Runner from 2nd tries for 3rd, SAFE, throw by RF made to third
|
|
Pitching: RHP Tim Sherrill
|
|
|
Batting: RHB Jesse White
|
0-0: Swinging Strike 0-1: Called Strike 0-2: 3-RUN HOME RUN (Line Drive, 7LD, EV 92.5 MPH), Distance : 333 ft
|
|
Batting: LHB Nick McGraw
|
0-0: Ball 1-0: Called Strike 1-1: Fly out, F9 (Flyball, 9S, EV 91.9 MPH)
|
|
Batting: RHB Dave Cordero
|
0-0: Ground out 6-3 (Groundball, 6, EV 100.6 MPH)
|
|
Batting: SHB Xavier Alaniz
|
0-0: Swinging Strike 0-1: Foul Ball, location: 2F 0-2: Ball 1-2: Strikes out swinging
|
| Bottom of the 5th over - 3 runs, 2 hits, 0 errors, 0 left on base; Jacksonville 3 - Tulsa 4 |
| TOP OF THE 6TH |
|
Jacksonville Suns batting - Pitching for Tulsa Drillers : RHP Nate Allen
|
|
Batting: RHB Rick Fell
|
0-0: Ball 1-0: Called Strike 1-1: Ball 2-1: Swinging Strike 2-2: Reached via error on a dropped throw from SS, E3 (Groundball, 6, EV 106.2 MPH)
|
|
Batting: LHB Jeff Tavella
|
0-0: Ball 1-0: Ball 2-0: Called Strike 2-1: Ball 3-1: Foul Ball, location: 2F 3-2: Foul Ball, location: 2F 3-2: Strikes out swinging
|
|
Batting: LHB Emilio Cordero
|
0-0: Fly out, F8 (Line Drive, 8RM, EV 97.5 MPH)
|
|
Batting: RHB Pi-ao Xú
|
0-0: Ball 1-0: Ball 2-0: Called Strike 2-1: Ground out 5-3 (Groundball, 56S, EV 71.2 MPH)
|
| Top of the 6th over - 0 runs, 0 hits, 1 error, 1 left on base; Jacksonville 3 - Tulsa 4 |
| BOTTOM OF THE 6TH |
|
Tulsa Drillers batting - Pitching for Jacksonville Suns : RHP Tim Sherrill
|
|
Batting: LHB David McNair
|
0-0: Ground out 4-3 (Groundball, 4, EV 102.5 MPH)
|
|
Batting: RHB Koen van Oort
|
0-0: Called Strike 0-1: Ball 1-1: Ball 2-1: Fly out, F3 (Line Drive, 3, EV 72.5 MPH)
|
|
Batting: RHB Billy Valadez
|
0-0: Called Strike 0-1: Called Strike 0-2: Ground out 6-3 (Groundball, 6, EV 83.1 MPH)
|
| Bottom of the 6th over - 0 runs, 0 hits, 0 errors, 0 left on base; Jacksonville 3 - Tulsa 4 |
| TOP OF THE 7TH |
|
Jacksonville Suns batting - Pitching for Tulsa Drillers : RHP Nate Allen
|
|
Pitching: RHP Jon Harris
|
|
|
Batting: RHB Manny Gonzalez
|
0-0: Called Strike 0-1: Ball 1-1: Swinging Strike 1-2: Strikes out looking and he ARGUES THE CALL AND IS TOSSED!
|
|
Batting: LHB Jose Cabello
|
0-0: Ball 1-0: Ball 2-0: Ball 3-0: Called Strike 3-1: Called Strike 3-2: Base on Balls
|
|
Batting: RHB Mike Gar
|
0-0: Called Strike 0-1: Called Strike 0-2: Ball 1-2: Strikes out looking
|
|
Batting: RHB Akira Suzuki
|
0-0: Called Strike 0-1: Ball 1-1: Foul Ball, location: 2F 1-2: Ball 2-2: Foul Ball, location: 2F 2-2: Ground out 5-3 (Groundball, 56S, EV 71.9 MPH)
|
| Top of the 7th over - 0 runs, 0 hits, 0 errors, 1 left on base; Jacksonville 3 - Tulsa 4 |
| BOTTOM OF THE 7TH |
|
Tulsa Drillers batting - Pitching for Jacksonville Suns : RHP Tim Sherrill
|
|
Pitching: RHP Javy Balderrama
|
|
|
Now at 3B: Wilson Valdez
|
|
|
Batting: RHB Dave Archibeque
|
0-0: Fly out, F9 (Line Drive, 9, EV 106.2 MPH)
|
|
Batting: RHB Steve Haskins
|
0-0: Ground out U3 (Groundball, 34, EV 89.4 MPH)
|
|
Batting: RHB Jesse White
|
0-0: Foul Ball, location: 2F 0-1: Called Strike 0-2: Ball 1-2: Ball 2-2: Reached on error, E4 (Groundball, 34, EV 88.1 MPH)
|
|
Batting: LHB Nick McGraw
|
0-0: Intentional Walk
|
|
Batting: RHB Dave Cordero
|
0-0: DOUBLE (Line Drive, 8RXD, EV 105.0 MPH) Jesse White scores Nick McGraw to third Runner from 3rd tries for Home, throw by CF and OUT! 8-4-2
|
| Bottom of the 7th over - 1 run, 1 hit, 1 error, 1 left on base; Jacksonville 3 - Tulsa 5 |
| TOP OF THE 8TH |
|
Jacksonville Suns batting - Pitching for Tulsa Drillers : RHP Jon Harris
|
|
Pitching: RHP Steve Mintz
|
|
|
Batting: LHB Jimmy Hannon
|
0-0: Foul Ball, location: 2F 0-1: Ball 1-1: Swinging Strike 1-2: Ball 2-2: Strikes out swinging
|
|
Batting: RHB Rick Fell
|
0-0: SINGLE (Groundball, 56D, EV 95.6 MPH)
|
|
Batting: LHB Jeff Tavella
|
0-0: Ball 1-0: Ball 2-0: Ball 3-0: Called Strike 3-1: Single, Error in OF, E9, batter to second base (Groundball, 34D, EV 103.8 MPH) Rick Fell to third
|
|
Pitching: LHP Antonio Villarreal
|
|
|
Batting: LHB Emilio Cordero
|
0-0: Foul Ball, location: 2F 0-1: Ball 1-1: Called Strike 1-2: Foul Ball, location: 2F 1-2: Ball 2-2: Ball 3-2: Foul Ball, location: 2F 3-2: Base on Balls
|
|
Batting: RHB Pi-ao Xú
|
0-0: Called Strike 0-1: Foul Ball, location: 2F 0-2: Foul Ball, location: 2F 0-2: SINGLE (Line Drive, 4M, EV 96.9 MPH) Rick Fell scores Jeff Tavella to third Emilio Cordero to second Runner from 3rd tries for Home, SAFE, throw by CF to home
|
|
Batting: RHB Wilson Valdez
|
0-0: Swinging Strike 0-1: Swinging Strike 0-2: Strikes out swinging
|
|
Pinch Hitting: RHB German Mendoza
|
0-0: Fly out, F4 (Popup, 4MD, EV 51.9 MPH)
|
| Top of the 8th over - 2 runs, 3 hits, 1 error, 2 left on base; Jacksonville 5 - Tulsa 5 |
| BOTTOM OF THE 8TH |
|
Tulsa Drillers batting - Pitching for Jacksonville Suns : RHP Javy Balderrama
|
|
Pitching: RHP Matt Murray
|
|
|
Now in RF: Willie Sanchez
|
|
|
Batting: SHB Xavier Alaniz
|
0-0: Called Strike 0-1: Ball 1-1: Ground out 4-3 (Groundball, 4, EV 79.4 MPH)
|
|
Batting: LHB David McNair
|
0-0: Called Strike 0-1: Swinging Strike 0-2: Strikes out swinging
|
|
Batting: RHB Koen van Oort
|
0-0: Ball 1-0: Ball 2-0: Ball 3-0: Called Strike 3-1: Called Strike 3-2: Base on Balls
|
|
Batting: RHB Billy Valadez
|
0-0: Fly out, F7 (Flyball, 7D, EV 109.4 MPH)
|
| Bottom of the 8th over - 0 runs, 0 hits, 0 errors, 1 left on base; Jacksonville 5 - Tulsa 5 |
| TOP OF THE 9TH |
|
Jacksonville Suns batting - Pitching for Tulsa Drillers : LHP Antonio Villarreal
|
|
Pitching: LHP Chris Mobley
|
|
|
Batting: RHB Mike Gar
|
0-0: Ball 1-0: Swinging Strike 1-1: Called Strike 1-2: Strikes out swinging
|
|
Batting: RHB Akira Suzuki
|
0-0: Ball 1-0: Fly out, F9 (Flyball, 9S, EV 72.5 MPH)
|
|
Batting: LHB Jimmy Hannon
|
0-0: Ball 1-0: Foul Ball, location: 2F 1-1: Swinging Strike 1-2: Strikes out looking
|
| Top of the 9th over - 0 runs, 0 hits, 0 errors, 0 left on base; Jacksonville 5 - Tulsa 5 |
| BOTTOM OF THE 9TH |
|
Tulsa Drillers batting - Pitching for Jacksonville Suns : RHP Matt Murray
|
|
Batting: RHB Dave Archibeque
|
0-0: Foul Ball, location: 2F 0-1: Ground out 6-3 (Groundball, 6, EV 81.2 MPH)
|
|
Batting: RHB Steve Haskins
|
0-0: Called Strike 0-1: Ball 1-1: Ball 2-1: Called Strike 2-2: Strikes out looking
|
|
Batting: RHB Jesse White
|
0-0: Ball 1-0: Foul Ball, location: 2F 1-1: Fly out, F8 (Flyball, 8RD, EV 88.1 MPH)
|
| Bottom of the 9th over - 0 runs, 0 hits, 0 errors, 0 left on base; Jacksonville 5 - Tulsa 5 |
| TOP OF THE 10TH |
|
Jacksonville Suns batting - Pitching for Tulsa Drillers : LHP Chris Mobley
|
|
Batting: RHB Rick Fell
|
0-0: Ball 1-0: Foul Ball, location: 2F 1-1: Fly out, F8 (Flyball, 8RD, EV 109.4 MPH)
|
|
Batting: LHB Jeff Tavella
|
0-0: Called Strike 0-1: Ball 1-1: Swinging Strike 1-2: Ground out 4-3 (Groundball, 13, EV 90.6 MPH)
|
|
Batting: LHB Emilio Cordero
|
0-0: Reached on error, E2 (Groundball, 13S, EV 66.2 MPH)
|
|
Batting: RHB Pi-ao Xú
|
0-0: Called Strike 0-1: Ball 1-1: SINGLE (Groundball, 56D, EV 102.5 MPH) Emilio Cordero to third Runner from 3rd tries for Home, SAFE, throw by LF to home
|
|
Batting: RHB Wilson Valdez
|
0-0: Called Strike 0-1: Ball 1-1: Foul Ball, location: 2F 1-2: Ground out U3 (Groundball, 34, EV 83.1 MPH)
|
| Top of the 10th over - 1 run, 1 hit, 1 error, 1 left on base; Jacksonville 6 - Tulsa 5 |
| BOTTOM OF THE 10TH |
|
Tulsa Drillers batting - Pitching for Jacksonville Suns : RHP Matt Murray
|
|
Batting: LHB Nick McGraw
|
0-0: Called Strike 0-1: Ball 1-1: Ball 2-1: Ground out 6-3 (Groundball, 56S, EV 86.9 MPH)
|
|
Batting: RHB Dave Cordero
|
0-0: Ball 1-0: Foul Ball, location: 2F 1-1: Swinging Strike 1-2: Hit by Pitch
|
|
Batting: SHB Xavier Alaniz
|
0-0: Ball 1-0: Ball 2-0: SINGLE (Line Drive, 9S, EV 99.4 MPH) Dave Cordero to second Runner from 2nd tries for 3rd, SAFE, throw by RF made to third
|
|
Batting: LHB David McNair
|
0-0: Ball 1-0: Ball 2-0: Called Strike 2-1: Grounds into double play, 6-4-3 (Groundball, 6, EV 83.1 MPH)
|
| Bottom of the 10th over - 0 runs, 1 hit, 0 errors, 1 left on base; Jacksonville 6 - Tulsa 5 |
|